 Dungeon Crawl Stone Soup version 0.27-a0-760-gc38aae387d (webtiles) character file.

Game seed: 4846152589089512699

1395 night the Magician (level 8, -1/62 HPs)
             Began as a Djinni Conjurer on Mar 23, 2021.
             Was an Initiate of Makhleb.
             Slain by Harold
             ... wielding a +0 flail
              (8 damage)
             ... on level 7 of the Dungeon on Mar 24, 2021.
             The game lasted 00:18:13 (7038 turns).

night the Magician (Djinni Conjurer)                Turns: 7038, Time: 00:18:13

Health: -1/62      AC: 10    Str:  6    XL:     8   Next: 68%
Gold:   78         EV:  9    Int: 22    God:    Makhleb [......] SH:  5 Dex: 12

rFire    + + .     SeeInvis +   r - +1 rapier (venom)
rCold    . . .     Faith    .   (no shield)
rNeg     + . .     Spirit   .   y - +3 ring mail {rC+}
rPois    ∞         Reflect  +   D - +0 helmet
rElec    .         Harm     .   (no cloak)
rCorr    .         Rampage  .   C - +0 pair of gloves
Will     .....                  (boots unavailable)
Stlth    +.........             q - amulet of reflection
HPRegen  0.20/turn              o - ring of positive energy
MPRegen  0.00/turn              u - ring of see invisible

@: marked, flying
A: fire resistance 2, cold vulnerability 1, float, innate caster, hp casting,
extra vitality 1
a: Renounce Religion


You were on level 7 of the Dungeon.
You worshipped Makhleb.
Makhleb was noncommittal.
You visited 2 branches of the dungeon, and saw 8 of its levels.

You collected 104 gold pieces.
You spent 26 gold pieces at shops.

Inventory:

Hand Weapons
 f - a +0 dagger
 r - a +1 rapier of venom (weapon)
Missiles
 b - 56 sling bullets
 c - 203 stones
 d - 15 poisoned darts
 p - 61 arrows
 t - 28 bolts
 A - 7 atropa-tipped darts
Armour
 a - a +0 robe
 h - a +0 leather armour
 y - a +3 ring mail of cold resistance (worn)
 C - a +0 pair of gloves (worn)
 D - a +0 helmet (worn)
Jewellery
 e - a ring of willpower
 n - an amulet of the acrobat
 o - a ring of positive energy (right hand)
 q - an amulet of reflection (around neck)
 u - a ring of see invisible (left hand)
 v - a ring of flight
 x - a ring of wizardry
Wands
 i - a wand of flame (36)
Scrolls
 g - 2 scrolls of immolation
 k - a scroll of magic mapping
 l - a scroll of amnesia {unknown}
 m - 2 scrolls of torment
 w - a scroll of enchant weapon {unknown}
 z - a scroll of summoning {unknown}
 B - a scroll of teleportation {unknown}
 E - a scroll of identify
Potions
 s - a potion of invisibility
 F - a potion of lignification
 G - a potion of brilliance {unknown}


   Skills:
 + Level 6.7 Fighting
 + Level 3.3 Short Blades
 - Level 2.1 Dodging
 - Level 1.5 Stealth
 + Level 6.7 Spellcasting


You had one spell level left.
You knew the following spells:

 Your Spells              Type           Power      Damage    Failure   Level
a - Magic Dart            Conj           100%       1d8       2%          1
b - Searing Ray           Conj           74%        3d6       3%          2
c - Dazzling Flash        Conj/Hex       74%        N/A       6%          3
d - Fulminant Prism       Conj/Hex       18%        3d11      22%         4
e - Iskenderun's Mystic   Conj/Tloc      37%        2d9       22%         4
f - Beastly Appendage     Tmut           74%        N/A       2%          1
g - Passwall              Tmut/Erth      30%        N/A       3%          2
h - Swiftness             Air            37%        N/A       3%          2
Your spell library was empty.

Dungeon Overview and Level Annotations

Branches:
Dungeon (7/15)             Temple (1/1) D:5

Altars:
Ashenzari
Elyvilon
Fedhas
Gozag
Hepliaklqana
Kikubaaqudgha
Makhleb
Nemelex Xobeh
Okawaru
Ru
Sif Muna
Uskayaw
Vehumet
Wu Jian
Xom
Yredelemnul
Zin
The Shining One

Shops:
D:2 ?

Annotations:
D:7 Harold


Innate Abilities, Weirdness & Mutations

You are immune to poison.
Your flesh is very heat resistant. (rF++)
You are vulnerable to cold. (rC-)
You float through the air rather than walking.
You learn spells naturally, not from books.
Your magical power is your life essence.
You have superior vitality. (+4 HP)


Message History

The searing ray hits Harold but does no damage. (Press . to maintain the ray.) Harold shouts, "Can you die now?
I had plans for the rest of the day!"
The searing ray hits Harold!
Harold is lightly wounded.
Harold says, "I was hoping my final job would be more of a challenge, but money is money."
Harold points at you and mumbles some strange words.
You barely resist.
The searing ray hits Harold.
Harold is lightly wounded.
Harold hits you but does no damage.
The searing ray hits Harold!
Harold is moderately wounded.
You finish channeling your searing ray.
Harold is no longer blind.
Harold hits you with a +0 flail! Harold closely misses you.
You hit Harold but do no damage.
Harold is moderately wounded.
Harold hits you with a +0 flail.
You hit Harold but do no damage.
Harold is poisoned.
Harold is moderately wounded.
Harold hits you but does no damage.
You hit Harold.
Harold is moderately wounded.
Harold hits you with a +0 flail.
You hit Harold.
Harold looks as sick as possible!
Harold is moderately wounded.
Harold hits you with a +0 flail.
Harold throws a throwing net.
The throwing net hits you.
You become entangled in the net!
You see here a throwing net.
You tear a large gash into the net.
A howler monkey comes into view.
You struggle against the net.
Harold hits you with a +0 flail!
You shred the net and break free!
A howler monkey comes into view.
Harold hits you with a +0 flail!!
* * * LOW HITPOINT WARNING * * *
You feel better. Harold hits you with a +0 flail!
You die...

.. #.. .. #.# .#
#.###h# # ## #.##.. #
. #.##h# # #
#.#.##.##.# #
#.##(#.......# #
#.......@@..### #
#####
#.##.#.####......
#.##.... #
#†####.##### #....###
#.#.......####.......
#.#....####_##.......
#......###...##...##.
#.......#8.♣.8###...^
##.....###...#######.
##.....###.##.......


You could see Harold (very poisoned) and 2 howler monkeys.

Vanquished Creatures
  A water moccasin (D:7)
  An ice beast (D:6)
  2 ogres (D:5)
  A phantom (D:2)
  3 bullfrogs
  A scorpion (D:5)
  2 electric eels (D:4)
  A howler monkey (D:6)
  2 jellies
  A quasit (D:6)
  An orc priest (D:3)
  4 hounds
  An orc wizard (D:5)
  5 worker ants
  A killer bee zombie (D:7)
  A hound skeleton (D:4)
  A gnoll (D:1)
  4 adders
  A shadow imp (D:3)
  A white imp (D:5)
  An ufetubus (D:5)
  A worm (D:3)
  A dart slug (D:2)
  10 orcs
  4 ball pythons
  5 bats
  10 endoplasms
  4 giant cockroaches
  8 goblins
  3 hobgoblins
  11 jackals
  10 kobolds
  7 quokkas
  7 frilled lizards
  A quokka skeleton (D:4)
  8 rats
126 creatures vanquished.

Vanquished Creatures (others)
  6 fulminant prisms
  A fungus (D:2)
  2 plants (D:1)
  8 toadstools (D:2)
17 creatures vanquished.

Grand Total: 143 creatures vanquished

Notes
Turn   | Place    | Note
-------+----------+-------------------------------------------
     0 | D:1      | night the Djinni Conjurer began the quest for the Orb.
     0 | D:1      | Reached XP level 1. HP: 15/15 MP: 0/0
   293 | D:1      | Reached skill level 1 in Fighting
   293 | D:1      | Reached XP level 2. HP: 19/22 MP: 0/0
   738 | D:1      | Reached XP level 3. HP: 25/27 MP: 0/0
   738 | D:1      | Learned a level 1 spell: Beastly Appendage
  1301 | D:2      | Reached skill level 2 in Fighting
  1476 | D:2      | Reached XP level 4. HP: 20/33 MP: 0/0
  2040 | D:2      | Found Aroshritz's Magic Scroll Boutique.
  2047 | D:2      | Bought a scroll of identify for 26 gold pieces
  2212 | D:3      | Reached XP level 5. HP: 24/40 MP: 0/0
  2212 | D:3      | Learned a level 2 spell: Passwall
  2604 | D:3      | Reached skill level 5 in Spellcasting
  2604 | D:3      | Reached XP level 6. HP: 40/47 MP: 0/0
  2917 | D:3      | Found a hazy altar of Hepliaklqana.
  2918 | D:3      | Found a shimmering altar of Xom.
  2919 | D:3      | Noticed a spectral ugly thing
  3267 | D:3      | You are sucked into a shaft and drop 2 floors!
  3267 | D:5      | Entered Level 5 of the Dungeon
  3406 | D:2      | HP: 5/47 [phantom (7)]
  3411 | D:2      | HP: 4/47 [phantom (2)]
  3756 | D:4      | Found a transporter.
  3830 | D:4      | Reached XP level 7. HP: 50/53 MP: 0/0
  3830 | D:4      | Learned a level 2 spell: Swiftness
  3842 | D:4      | Found a transporter.
  3856 | D:4      | Reached skill level 5 in Fighting
  4453 | D:5      | Found a staircase to the Ecumenical Temple.
  4462 | Temple   | Entered the Ecumenical Temple
  4724 | Temple   | Became a worshipper of Makhleb the Destroyer
  4967 | D:5      | Found a white marble altar of Elyvilon.
  4981 | D:5      | Reached skill level 1 in Short Blades
  5086 | D:5      | Found a broken altar of Ashenzari.
  5281 | D:5      | Reached XP level 8. HP: 54/61 MP: 0/0
  5548 | D:5      | Reached skill level 2 in Short Blades
  5939 | D:6      | HP: 1/61 [ice beast (13)]
  5970 | D:6      | Upgraded the game from 0.27-a0-732-ga892ba84f6 to
                  | 0.27-a0-760-gc38aae387d
  6301 | D:6      | Found a blossoming altar of Fedhas.
  6301 | D:6      | Found a sacrificial altar of Ru.
  6948 | D:7      | Found a hide-covered altar of Uskayaw.
  6961 | D:7      | Found a basalt altar of Yredelemnul.
  7017 | D:7      | Noticed Harold
  7037 | D:7      | HP: 1/62 [Harold/+0 flail (23)]
  7038 | D:7      | Slain by Harold

Illustrated notes

Levels and vault maps discovered:
D:1:      minmay_arrival_doors, layout_basic, serial_forest,
          infiniplex_forest_lined_3_way, infiniplex_forest_clump_small,
          infiniplex_forest_straight_3, infiniplex_forest_lined_room_3,
          infiniplex_forest_clump_diagonal, infiniplex_forest_straight_3,
          infiniplex_forest_pool
D:2:      cheibrodos_fertilizer, layout_rooms, serial_shops, shop
D:3:      layout_rooms, regret_index_temple_of_mockery
D:4:      gammafunk_steamed_eel, layout_basic
D:5:      layout_gridville, elyvilon_altar_4, marbit_many_paths,
          temple_fountains
D:6:      wander_river, layout_loops_ring, gammafunk_temple_overflow_wave,
          small_statue_intersection
D:7:      layout_loops_cross, kennysheep_mini, amethyst_overflow_temple_binary,
          uniq_menkaure, uniq_harold
Temple:   dpeg_chambers_temple

Skill      XL: |  1  2  3  4  5  6  7  8 |
---------------+-------------------------+-----
Fighting       | 1 2 3 4 5 6 |  6.7
Spellcasting   | 4 5 6 |  6.7
Short Blades   | 1 3 |  3.3
Dodging        | |  2.1
Stealth        | |  1.5

Action                   |  1- 3 |  4- 6 |  7- 9 || total
-------------------------+-------+-------+-------++-------
Melee: Dagger            |     1 |       |       ||     1
       Rapier            |     5 |    21 |    53 ||    79
 Cast: Magic Dart        |    67 |    88 |    45 ||   200
       Searing Ray       |     1 |     4 |    15 ||    20
       Dazzling Flash    |     1 |     1 |     1 ||     3
       Fulminant Prism   |       |     3 |     3 ||     6
       Iskenderun's Myst |       |       |     2 ||     2
Evoke: Wand              |       |       |     1 ||     1
  Use: Scroll            |       |     4 |     3 ||     7
       Potion            |       |     5 |     2 ||     7
 Stab: Sleeping          |       |     1 |       ||     1
Armor: Robe              |     4 |     4 |       ||     8
       Ring mail         |       |     5 |    43 ||    48
       Skin              |       |     5 |       ||     5
Dodge: Dodged            |     5 |    17 |    36 ||    58
Block: Other             |     3 |     5 |    16 ||    24
       Reflection        |       |       |     1 ||     1

Table legend: (Time is in decaauts)
 A = Elapsed time spent in this place.
 B = Non-inter-level travel time spent in this place.
 C = Inter-level travel time spent in this place.
 D = Time resting spent in this place.
 E = Time spent auto-exploring this place.
 F = Levels seen in this place.
 G = Mean time per level.
                   A        B        C        D        E       F      G
               +--------+--------+--------+--------+--------+-----+--------+
         Total |   7049 |   6855 |    194 |   1166 |   4704 |   8 |  881.1 |
       Dungeon |   6765 |   6643 |    122 |   1166 |   4494 |   7 |  966.4 |
        Temple |    283 |    211 |     72 |      0 |    210 |   1 |  283.0 |
               +--------+--------+--------+--------+--------+-----+--------+

Top non-repeatable levels by time:
     D:2: 1566 daAuts
     D:6: 1089 daAuts
     D:1: 1079 daAuts
     D:5: 1042 daAuts
     D:3: 995 daAuts
     D:4: 660 daAuts
     D:7: 331 daAuts
  Temple: 283 daAuts
